 Dungeon Crawl Stone Soup version 0.18-a0-1395-gb527cc9 (webtiles) character file.

101 KINGKRU the Shield-Bearer (level 4, -1/40 HPs)
             Began as a Hill Orc Fighter on Feb 23, 2016.
             Was a Follower of Zin.
             Slain by an orc priest
             ... wielding a +0 club
              (2 damage)
             ... on level 3 of the Dungeon.
             The game lasted 00:12:06 (1981 turns).

KINGKRU the Shield-Bearer (Hill Orc Fighter)        Turns: 1981, Time: 00:12:08

Health: -1/40      AC:  7    Str: 16 (19) XL:     4   Next: 75%
Magic:  4/4        EV:  7    Int:  8      God:    Zin [*.....]
Gold:   72         SH: 10    Dex:  7 (10) Spells: 0 memorised, 3 levels left

rFire  . . .     SeeInvis .     a - +1 long sword
rCold  . . .     Gourm    .     b - +0 scale mail
rNeg   . . .     Faith    .     c - +2 shield
rPois  .         Spirit   .     (no helmet)
rElec  .         Dismiss  .     (no cloak)
rCorr  .         Reflect  .     (no gloves)
SustAt .         Harm     .     (no boots)
MR     .....                    (no amulet)
Stlth  ..........               (no ring)
                                (no ring)

@: slowed, very slow, not resistant to hostile enchantments, extremely
unstealthy
A: no striking features
a: Recite, Donate Gold, Renounce Religion, Convert to Beogh


You were on level 3 of the Dungeon.
You worshipped Zin.
Zin was aware of your devotion.
You were not hungry.

You visited 1 branch of the dungeon, and saw 3 of its levels.

You collected 132 gold pieces.
You donated 60 gold pieces to Zin.

Inventory:

Hand Weapons
 a - a +1 long sword (weapon)
Armour
 b - a +0 scale mail (worn)
 c - a +2 shield (worn)
Jewellery
 h - a cursed -4 ring of dexterity {unknown}
Wands
 e - a wand of teleportation (4/9)
Scrolls
 i - a scroll of identify
Potions
 d - a potion of might
 j - 2 potions of lignification {unknown}
Comestibles
 f - 2 bread rations
 g - a meat ration


   Skills:
 + Level 4.0 Fighting
 + Level 2.9 Long Blades
 + Level 4.0 Armour
 + Level 1.1 Dodging
 + Level 4.2 Shields


You had 3 spell levels left.
You didn't know any spells.

Dungeon Overview and Level Annotations

Branches:
Dungeon (3/15)

Altars:
Gozag
Zin


Message History

The orc wizard closely misses you.
You barely miss the orc wizard. You block the orc's attack.
The orc priest closely misses you. The orc wizard barely misses you.
You block the orc's attack.
The orc wizard mumbles some strange words.
The orc wizard seems to speed up.
The orc priest hits you but does no damage.
You completely miss the orc wizard.
The orc wizard hits you but does no damage.
The orc barely misses you. You block the orc wizard's attack.
The orc priest hits you but does no damage.
The orc closely misses you. The orc wizard barely misses you.
You block the orc priest's attack.
You hit the orc wizard but do no damage.
You block the orc wizard's attack. The orc wizard hits you with a dagger.
* * * LOW HITPOINT WARNING * * *
You block the orc's attack.
The orc priest shouts, "Join the one true god or die!"
The orc priest hits you with a club.
You die...

######## .......#
.......# .......#
....(..+ .......##+#####
##)##.........##########
....'.........'o@oo.....
....#.(.......####o.....
....#.........# ...!.
....#........## ....
....#.##.#..## #+#
....#.##.##..#
....#.######.## ......#
###..# .(.##.# #....##


You could see an orc priest, an orc wizard and 2 orcs.

Vanquished Creatures
  Ijyb (D:2)
  3 adders
  4 dart slugs (D:1)
  2 giant geckos
  2 ball pythons
  2 giant cockroaches
  5 goblins
  2 hobgoblins
  5 kobolds
  A quokka (D:3)
  5 bats
  2 giant newts
  6 rats
40 creatures vanquished.

Notes
Turn   | Place    | Note
--------------------------------------------------------------
     0 | D:1      | KINGKRU the Hill Orc Fighter began the quest for the Orb.
     0 | D:1      | Reached XP level 1. HP: 19/19 MP: 1/1
   241 | D:1      | Reached XP level 2. HP: 27/27 MP: 2/2
   621 | D:1      | Reached XP level 3. HP: 31/33 MP: 3/3
   762 | D:2      | Noticed Ijyb
   786 | D:2      | Killed Ijyb
  1028 | D:2      | Reached XP level 4. HP: 37/40 MP: 4/4
  1665 | D:3      | Found an opulent altar of Gozag.
  1665 | D:3      | Found a glowing silver altar of Zin.
  1680 | D:3      | Became a worshipper of Zin the Law-Giver
  1680 | D:3      | Reached * piety under Zin
  1685 | D:3      | Donated 47 gold pieces to Zin
  1726 | D:3      | Reached skill level 1 in Dodging
  1978 | D:3      | Zin protects you from harm!
  1978 | D:3      | HP: 2/40 [orc wizard/magic dart (5)]
  1981 | D:3      | Slain by an orc priest

Vault maps used:
D:1:      ncdulo_lavacross
D:2:      mrwooster_statue_mirror, grunt_decor_arrowhead, uniq_iyjb
D:3:      grunt_temple_overflow_gold_and_silver

Skill      XL: |  1  2  3  4 |
---------------+-------------+-----
Shields        | 4 |  4.2
Fighting       | 4 |  4.0
Armour         | 4 |  4.0
Dodging        | 1 |  1.1
Long Blades    | |  2.9

Action                   |  1- 3 |  4- 6 || total
-------------------------+-------+-------++-------
Melee: Long sword        |    80 |    79 ||   159
Invok: Donate Gold       |       |     1 ||     1
  Use: Scroll            |     4 |     2 ||     6
       Potion            |     3 |     2 ||     5
  Eat: Meat ration       |       |     1 ||     1
